 Dungeon Crawl Stone Soup version 0.19.1-1-g22dce08 (webtiles) character file.

4723 theAP the Basher (level 10, -6/68 HPs)
             Began as a Gargoyle Fighter on Jan 19, 2017.
             Was a High Priest of Okawaru.
             Mangled by Snorg (11 damage)
             ... on level 11 of the Dungeon.
             The game lasted 00:14:39 (6032 turns).

theAP the Basher (Gargoyle Fighter)                 Turns: 6032, Time: 00:14:42

Health: -6/68      AC: 22    Str: 32    XL:     10   Next: 45%
Magic:  10/10      EV:  7    Int:  8    God:    Okawaru [*****.]
Gold:   835        SH:  0    Dex: 14    Spells: 0 memorised, 9 levels left

rFire  . . .     SeeInvis .     r - +3 morningstar
rCold  . . .     Gourm    .     o - +2 plate armour
rNeg   + . .     Faith    +     (no shield)
rPois  ∞         Spirit   .     (helmet restricted)
rElec  +         Reflect  .     (no cloak)
rCorr  .         Harm     .     s - +0 pair of gloves
MR     .....                    x - +0 pair of boots
Stlth  ..........               p - amulet of faith
                                E - +4 ring of strength (curse)
                                l - +5 ring of dexterity

@: flying
A: big wings, horns 1, blurry vision 1, negative energy resistance 1,
regeneration 1, electricity resistance, strong 2, wild magic 2, unbreathing,
petrification resistance, rot immunity, AC +7
a: Stop Flying, Heroism, Finesse, Renounce Religion


You were on level 11 of the Dungeon.
You worshipped Okawaru.
Okawaru was extremely pleased with you.
You were not hungry.

You visited 1 branch of the dungeon, and saw 9 of its levels.
You also visited: Ossuary.

You collected 835 gold pieces.

Inventory:

Hand Weapons
 a - a +0 flail
 r - a +3 morningstar (weapon)
 z - the +7 great mace "Undeadhunter" {disrupt, rN+}
   (You acquired it on level 7 of the Dungeon)

   It protects you from negative energy.
Missiles
 P - 2 exploding tomahawks (quivered)
Armour
 b - a +0 scale mail
 c - a +0 shield
 o - a +2 plate armour (worn)
 s - a +0 pair of gloves (worn)
 t - a +2 buckler
 x - a +0 pair of boots (worn)
 N - a +0 large shield of reflection
Jewellery
 e - an uncursed ring of protection from fire
 k - an uncursed ring of positive energy
 l - a +5 ring of dexterity (left hand)
 p - an amulet of faith (around neck)
 B - an uncursed ring of resist corrosion
 E - a cursed +4 ring of strength (right hand)
 F - an uncursed amulet of magic regeneration
 R - an uncursed ring of magical power
Wands
 v - a wand of polymorph (8/24)
 H - a wand of random effects (9/48)
 J - a wand of random effects (18/48)
Scrolls
 n - 2 scrolls of recharging
 q - a scroll of magic mapping {unknown}
 w - a scroll of teleportation
 y - 4 scrolls of remove curse
 I - a scroll of enchant weapon
 Q - a scroll of enchant armour
 U - a scroll of identify
Potions
 d - 3 potions of might
 i - 3 potions of degeneration
 m - 2 potions of resistance
 u - a potion of brilliance
 A - a potion of cure mutation
 C - a potion of lignification
 M - 3 potions of agility
 O - a potion of mutation
 S - a potion of invisibility {unknown}
Miscellaneous
 K - a phantom mirror
Comestibles
 f - 4 bread rations
 h - 9 fruits
 j - a slice of pizza
 D - a royal jelly
 G - a beef jerky
 L - a meat ration
 T - 7 chunks of flesh


   Skills:
 + Level 10.0 Fighting
 * Level 12.2 Maces & Flails
 - Level 3.2 Armour
 - Level 3.2 Shields


You had 9 spell levels left.
You didn't know any spells.

Dungeon Overview and Level Annotations

Branches:
Dungeon (8/15)             Temple (0/1) D:6            Lair (0/6) D:8

Altars:
Ashenzari
Cheibriados
Elyvilon
Kikubaaqudgha
Okawaru
Qazlal
Trog
Xom
Zin

Annotations:
D:5 1 runed door
D:11 Gastronok, Snorg


Innate Abilities, Weirdness & Mutations

You are resistant to torment.
Your stone body is resilient. (AC +7)
You are immune to poison.
You resist negative energy. (rN+)
You are resistant to electric shocks. (rElec)
You can survive without breathing.
You are immune to petrification.
You are immune to rotting.
Your large and strong wings let you fly indefinitely.
You have a pair of small horns on your head.
Scrolls take you a little longer to read.
Your natural rate of healing is unusually fast.
Your muscles are very strong. (Str +4)
Your spells are harder to cast, but more powerful.


Message History

Snorg the Insatiable comes into view.
Snorg goes berserk!
You puncture Snorg! You headbutt Snorg.
Snorg is lightly wounded.
Snorg bites you but does no damage. Snorg claws you!
Snorg claws you but does no damage. Snorg bites you but does no damage.
Snorg claws you but does no damage. Snorg barely misses you.
You sock Snorg! Your headbutt misses Snorg.
Snorg is lightly wounded.
Snorg closely misses you. Snorg claws you. x2
You closely miss Snorg. You headbutt Snorg.
Snorg is lightly wounded.
Snorg bites you!! Snorg barely misses you. Snorg claws you.
Your plate armour prevents you from hitting Snorg.
You headbutt Snorg!
Snorg is moderately wounded.
Snorg bites you. Snorg claws you. Snorg barely misses you. Snorg bites you!!
* * * LOW HITPOINT WARNING * * *
Snorg claws you!
You die...

##########+##
###...........#
#.'.....@T....#
#.#...........#
#.#...........+
#.#...........#
+.#...........#
###...........#
#######+#####
## #.


You could see Snorg (berserk).

Vanquished Creatures
  The ghost of Yoshimo the Spear-Bearer, a novice MfSu of Fedhas (D:7)
  The ghost of Joat the Thaumaturge, a novice DEWz of Sif Muna (D:8)
  A hill giant (D:8)
  A troll (D:8)
  A hornet (D:8)
  A hippogriff (D:8)
  A hungry ghost (D:8)
  A soldier ant (D:5)
  2 water moccasins (D:7)
  2 sky beasts
  A black bear (D:7)
  A phantom (D:6)
  An ogre (D:8)
  2 centaurs
  An elf zombie (Ossuary)
  A big kobold (D:7)
  6 bullfrogs
  A water moccasin skeleton (D:5)
  3 scorpions
  4 howler monkeys
  A bullfrog zombie (D:7)
  3 crimson imps
  A hound (D:8)
  A human zombie (Ossuary)
  Terence (D:3)
  5 orc wizards
  10 worker ants
  A hound skeleton (D:7)
  2 mummies (Ossuary)
  A worker ant zombie (D:7)
  7 adders
  2 shadow imps
  3 oozes
  2 adder zombies
  An adder skeleton (D:6)
  4 worms
  2 dart slugs (D:1)
  4 leopard geckos
  30 orcs
  2 ball pythons (D:3)
  8 giant cockroaches
  4 gnoll zombies (Ossuary)
  4 goblins
  5 hobgoblins
  3 jackals (D:3)
  A quokka (D:5)
  8 bats
  3 frilled lizards
  5 goblin zombies (Ossuary)
  10 kobolds
  A leopard gecko zombie (D:5)
  3 orc zombies (Ossuary)
  A quokka skeleton (D:4)
  8 rats
180 creatures vanquished.

Vanquished Creatures (others)
  A wizard (D:7)
1 creature vanquished.

Grand Total: 181 creatures vanquished

Notes
Turn   | Place    | Note
-------+----------+-------------------------------------------
     0 | D:1      | theAP the Gargoyle Fighter began the quest for the Orb.
     0 | D:1      | Reached XP level 1. HP: 14/14 MP: 1/1
   172 | D:1      | Reached XP level 2. HP: 19/19 MP: 2/2
   731 | D:2      | Reached XP level 3. HP: 24/24 MP: 3/3
  1043 | D:2      | Reached skill level 3 in Maces & Flails
  1204 | D:2      | Found a shattered altar of Ashenzari.
  1204 | D:2      | Found an iron altar of Okawaru.
  1208 | D:2      | Became a worshipper of Warmaster Okawaru
  1715 | D:3      | Reached XP level 4. HP: 26/29 MP: 4/4
  1852 | D:3      | Noticed Terence
  1876 | D:3      | Killed Terence
  1876 | D:3      | Reached skill level 4 in Maces & Flails
  1876 | D:3      | Reached XP level 5. HP: 32/34 MP: 5/5
  2192 | D:4      | Found a white marble altar of Elyvilon.
  2332 | D:4      | Reached skill level 5 in Fighting
  2568 | D:4      | Found a glowing silver altar of Zin.
  2634 | D:4      | Noticed a water elemental
  2640 | D:4      | Found a stormy altar of Qazlal.
  2641 | D:4      | Noticed an air elemental
  2642 | D:4      | Noticed a fire elemental
  2679 | D:5      | Entered Level 5 of the Dungeon
  2697 | D:5      | Reached * piety under Okawaru
  2697 | D:5      | Reached skill level 5 in Maces & Flails
  2697 | D:5      | Reached XP level 6. HP: 36/40 MP: 6/6
  2772 | D:5      | Found a runed door.
  2791 | D:5      | Found a runed door.
  2796 | D:5      | Noticed a soldier ant
  2810 | D:5      | Reached skill level 6 in Maces & Flails
  2810 | D:5      | Reached XP level 7. HP: 44/44 MP: 7/7
  2824 | D:5      | Killed a soldier ant
  2842 | D:5      | Reached ** piety under Okawaru
  2934 | D:5      | Reached skill level 7 in Maces & Flails
  3422 | D:5      | Found an ancient bone altar of Kikubaaqudgha.
  3469 | D:5      | Gained mutation: Your large and strong wings let you fly indefinitely. [potion of mutation]
  3469 | D:5      | Gained mutation: Your muscles are strong. (Str +2) [potion of mutation]
  3469 | D:5      | Gained mutation: You have a pair of small horns on your head. [potion of mutation]
  3573 | D:6      | Found a staircase to the Ecumenical Temple.
  3612 | D:6      | Reached XP level 8. HP: 48/52 MP: 8/8
  4010 | D:6      | Reached skill level 8 in Maces & Flails
  4263 | D:7      | Identified a scroll of acquirement
  4357 | D:7      | Reached *** piety under Okawaru
  4386 | D:7      | Gained mutation: Your spells are a little harder to cast, but a little more powerful. [mutagenic meat]
  4387 | D:7      | Gained mutation: Your muscles are very strong. (Str +4) [mutagenic meat]
  4389 | D:7      | Gained mutation: Scrolls take you a little longer to read. [mutagenic meat]
  4429 | D:7      | Found a bloodstained altar of Trog.
  4433 | D:7      | Noticed a wizard
  4435 | D:7      | Killed a wizard
  4491 | D:7      | Reached skill level 9 in Maces & Flails
  4507 | D:7      | Reached XP level 9. HP: 57/58 MP: 9/9
  4645 | D:7      | Found a shimmering altar of Xom.
  4905 | D:7      | Reached **** piety under Okawaru
  5125 | D:7      | Noticed Yoshimo's ghost (novice MfSu)
  5132 | D:7      | Killed Yoshimo's ghost
  5132 | D:7      | Reached skill level 10 in Maces & Flails
  5266 | D:8      | Noticed a hill giant
  5279 | D:8      | Killed a hill giant
  5279 | D:8      | Reached ***** piety under Okawaru
  5279 | D:8      | Received a gift from Okawaru
  5279 | D:8      | Reached skill level 11 in Maces & Flails
  5279 | D:8      | Reached XP level 10. HP: 60/66 MP: 10/10
  5351 | D:8      | Noticed Joat's ghost (novice DEWz)
  5358 | D:8      | Killed Joat's ghost
  5428 | D:8      | Found a staircase to the Lair.
  5477 | D:8      | Received a gift from Okawaru
  5477 | D:8      | Reached skill level 12 in Maces & Flails
  5580 | D:8      | Found a sand-covered staircase.
  5590 | Ossuary  | Entered an ossuary
  5639 | Ossuary  | Reached skill level 10 in Fighting
  5740 | Ossuary  | Gained mutation: Your natural rate of healing is unusually fast. [potion of beneficial mutation]
  5741 | Ossuary  | Gained mutation: Your spells are harder to cast, but more powerful. [potion of beneficial mutation]
  5807 | D:8      | Found a snail-covered altar of Cheibriados.
  5906 | D:8      | You are sucked into a shaft for 3 floors!
  5907 | D:11     | Noticed Gastronok
  5922 | D:11     | HP: 2/68 [Gastronok (21)]
  6025 | D:11     | Noticed Snorg
  6032 | D:11     | Mangled by Snorg

Skill      XL: |  1  2  3  4  5  6  7  8  9 10 |
---------------+-------------------------------+-----
Maces & Flails | 3 4 5 6 7 9 11 12 | 12.2
Fighting       | 4 5 6 7 9 10 | 10.0
Armour         | |  3.2
Shields        | |  3.2

Action                   |  1- 3 |  4- 6 |  7- 9 | 10-12 || total
-------------------------+-------+-------+-------+-------++-------
Melee: Flail             |    95 |   206 |    83 |       ||   384
       Morningstar       |       |       |   176 |    73 ||   249
       Headbutt          |       |       |    34 |    23 ||    57
       Great mace        |       |       |       |    26 ||    26
Invok: Heroism           |       |       |       |     1 ||     1
 Abil: Fly               |       |       |     1 |       ||     1
  Use: Scroll            |     6 |     3 |    12 |     3 ||    24
       Potion            |       |       |     1 |    10 ||    11
  Eat: Chunk             |     3 |     4 |    11 |     2 ||    20
       Fruit             |       |       |     1 |     1 ||     2
       Pizza             |       |       |     1 |       ||     1
Armor: Scale mail        |    50 |       |       |       ||    50
       Plate armour      |    16 |   152 |   189 |    79 ||   436
Dodge: Dodged            |    30 |    34 |    72 |    52 ||   188
Block: Shield            |    78 |    83 |       |       ||   161
       Buckler           |       |    16 |    97 |    28 ||   141
